 Dungeon Crawl Stone Soup version 0.30-a0-339-g89bb51ec76 (webtiles) character file.

Game seed: 18224459097825765516

331 Muataran the Trooper (level 6, -3/67 HPs)
             Began as an Ogre Berserker on Oct 31, 2022.
             Was a Believer of Trog.
             Slain by a gnoll
             ... wielding a +1 halberd of freezing
              (10 damage)
             ... on level 4 of the Dungeon.
             The game lasted 00:05:05 (3114 turns).

Muataran the Trooper (Ogre Berserker)               Turns: 3114, Time: 00:05:05

Health: -3/67      AC:  3    Str: 24    XL:     6   Next: 51%
Magic:  6/6        EV: 11    Int:  8    God:    Trog [**....]
Gold:   126        SH:  0    Dex: 14    Spells: 5/5 levels left

rFire   . . .      SeeInvis .    j - +6 hammer of Departure {elec, *Rage rPois Dex+6}
rCold   . . .      Faith    .    (no shield)
rNeg    . . .      Spirit   .    b - +0 animal skin
rPois   +          Reflect  .    (helmet restricted)
rElec   .          Harm     .    (no cloak)
rCorr   .          Rampage  .    (gloves unavailable)
Will    .....      Rage     20%  (boots unavailable)
Stlth   +.........               (no amulet)
HPRegen 0.31/turn                (no ring)
MPRegen 0.10/turn                (no ring)

@: on berserk cooldown, slowed, very slow
A: large, unfitting armour, tough skin 1
a: Renounce Religion, Berserk, Trog's Hand


You were on level 4 of the Dungeon.
You worshipped Trog.
Trog was pleased with you.
You visited 1 branch of the dungeon, and saw 4 of its levels.

You collected 154 gold pieces.
You spent 28 gold pieces at shops.

Inventory:

Hand Weapons
 a - a +0 mace
 j - the +6 hammer of Departure (weapon) {elec, *Rage rPois Dex+6}
   (You found it on level 2 of the Dungeon)

   It occasionally discharges a powerful burst of electricity upon striking a
   foe.
   Dex:       It affects your dexterity (+6).
   rPois:     It protects you from poison.
   *Rage:     It berserks you when you make melee attacks (+20% chance).
Armour
 b - a +0 animal skin (worn)
 i - a +0 cloak
Wands
 n - a wand of flame (22)
Scrolls
 c - 6 scrolls of magic mapping {unknown}
 d - a scroll of brand weapon {unknown}
 g - a scroll of vulnerability {unknown}
 h - a scroll of identify
 k - 4 scrolls of enchant armour {unknown}
 m - 2 scrolls of teleportation {unknown}
 o - a scroll of immolation {unknown}
 p - a scroll of poison {unknown}
 s - 2 scrolls of amnesia {unknown}
Potions
 e - 2 potions of heal wounds
 f - 2 potions of haste {unknown}
 l - a potion of flight {unknown}
 q - 4 potions of curing {unknown}
 r - a potion of magic {unknown}


   Skills:
 + Level 6.3 Fighting
 + Level 4.3 Maces & Flails
 + Level 4.3 Dodging


You had 5 spell levels left.
You didn't know any spells.
Your spell library was empty.

Dungeon Overview and Level Annotations

Branches:
Dungeon (4/15)
 Temple: D:4-7

Altars:
Zin

Shops:
D:1 *   D:3 =

Annotations:
D:4 3 runed translucent doors, p00ps00p's ghost, amateur DsFi


Innate Abilities, Weirdness & Mutations

You are too large for most types of armour.
You have tough skin. (AC +1)


Message History

The gnoll hits you but does no damage.
The gnoll hits you from afar with a +0 spear.
The gnoll misses you.
You thump the gnoll!
You kill the gnoll!
Trog accepts your kill.
You are no longer berserk.
You are exhausted.
You feel yourself slow down.
The gnoll hits you from afar with a +0 spear.
The gnoll hits you with a +0 whip.
The gnoll hits you from afar with a +1 halberd of freezing!
The gnoll freezes you. The gnoll attacks as you move away!
The gnoll hits you but does no damage.
Okay, then.
You sock the gnoll!
The gnoll is severely wounded.
The gnoll hits you from afar with a +0 spear.
The gnoll barely misses you. x2; The gnoll completely misses you.
The gnoll closely misses you. x2
You hit the gnoll but do no damage. Lightning courses through the gnoll!
You kill the gnoll!
Trog accepts your kill.
The gnoll hits you from afar with a +0 spear.
* * * LOW HITPOINT WARNING * * *
The gnoll barely misses you. The gnoll misses you.
The gnoll hits you from afar with a +0 spear.
* * * LOW HITPOINT WARNING * * *
The gnoll closely misses you. x2
The gnoll hits you from afar with a +1 halberd of freezing!
* * * LOW HITPOINT WARNING * * *
The gnoll freezes you.
* * * LOW HITPOINT WARNING * * *
The gnoll hits you with a +0 spear.
* * * LOW HITPOINT WARNING * * *
You sock the gnoll! You punch the gnoll, but do no damage.
The gnoll is severely wounded.
The gnoll barely misses you.
The gnoll hits you from afar with a +1 halberd of freezing!
You die...

#...................#
#...................#
#.......#########...#
#########......## ♣
##..#
#.............## ).
#### #...........###
♣..# #..........##
♣♣....#
#..........#♣♣)..♣..#
#.....).....@gg.....+
###
#........#'#♣♣....♣.#
#.. #........#.#
♣♣.)..# ##..
#........#.. ♣..#
#... #........#... ..
#... #........#...# ♣
#... ##############
######### .........
..<...†..


You could see 2 gnolls.

Vanquished Creatures
  A black bear (D:4)
  Crazy Yiuf (D:2)
  A hound (D:4)
  An orc wizard (D:3)
  2 adders
  6 gnolls (D:4)
  2 dart slugs (D:4)
  2 orcs (D:3)
  4 ball pythons
  7 endoplasms
  4 giant cockroaches
  6 goblins
  9 hobgoblins
  3 jackals (D:1)
  A quokka (D:2)
  4 bats (D:1)
  8 frilled lizards
  8 kobolds
  6 rats
76 creatures vanquished.

Vanquished Creatures (others)
  3 plants (D:2)
3 creatures vanquished.

Grand Total: 79 creatures vanquished

Notes
Turn   | Place    | Note
-------+----------+-------------------------------------------
     0 | D:1      | Muataran the Ogre Berserker began the quest for the Orb.
     0 | D:1      | Reached XP level 1. HP: 24/24 MP: 1/1
    93 | D:1      | Found a faded altar of an unknown god.
   105 | D:1      | Reached XP level 2. HP: 18/32 MP: 2/2
   330 | D:1      | Reached XP level 3. HP: 39/40 MP: 3/3
   380 | D:1      | Reached ** piety under Trog
   500 | D:1      | Found Ijejux's General Store.
   509 | D:1      | Bought a scroll of identify for 28 gold pieces
   953 | D:2      | Found a runed translucent door.
   954 | D:2      | Noticed Crazy Yiuf
   964 | D:2      | Killed Crazy Yiuf
   965 | D:2      | Reached skill level 5 in Fighting
   965 | D:2      | Reached XP level 4. HP: 42/50 MP: 4/4
   967 | D:2      | Identified the +6 hammer of Departure {elec, *Rage rPois
                  | Dex+6}
  1973 | D:3      | Found a glowing silver altar of Zin.
  2075 | D:3      | Found Jiqecresm's Jewellery Emporium.
  2108 | D:3      | Reached XP level 5. HP: 55/57 MP: 5/5
  2661 | D:4      | Found a runed translucent gate.
  2662 | D:4      | Found a runed translucent gate.
  2663 | D:4      | Found a runed translucent gate.
  2663 | D:4      | Noticed p00ps00p's ghost (amateur DsFi)
  2895 | D:4      | Noticed a black bear
  2899 | D:4      | Killed a black bear
  2900 | D:4      | Reached skill level 6 in Fighting
  2900 | D:4      | Reached XP level 6. HP: 67/67 MP: 6/6
  3114 | D:4      | Slain by a gnoll

Illustrated notes

Levels and vault maps discovered:
D:1:      lemuel_arrival_hallway, layout_basic,
          shapermc_ecumenical_altar_starsandcircs, serial_shops, shop,
          feat_on_display
D:2:      layout_basic, serial_forest, infiniplex_forest_lined_ring,
          infiniplex_forest_end_2, infiniplex_forest_corner_1,
          infiniplex_forest_straight_2, infiniplex_forest_lined_ring,
          infiniplex_forest_clump_long, infiniplex_forest_lined_2,
          uniq_crazy_yiuf_cottage
D:3:      layout_basic, zin_statuary, serial_shops, nicolae_shop_crystal,
          kennysheep_pointless_box, serial_bayou_lake_a
D:4:      layout_gridville, ebering_ghost_rock_garden,
          pf_guarded_unrand_woodcutter

Skill      XL: |  1  2  3  4  5 |
---------------+----------------+-----
Maces & Flails | 3 4 |  4.3
Dodging        | 3 4 |  4.3
Fighting       | 5 6 |  6.3

Action                   |  1- 3 |  4- 6 || total
-------------------------+-------+-------++-------
Melee: Mace              |    98 |    69 ||   167
       Punch             |       |     1 ||     1
Invok: Berserk           |     1 |     2 ||     3
  Use: Scroll            |     1 |       ||     1
 Stab: Sleeping          |       |     1 ||     1
Armor: Animal skin       |    30 |    13 ||    43
Dodge: Dodged            |    54 |    40 ||    94

Table legend: (Time is in decaauts)
 A = Elapsed time spent in this place.
 B = Non-inter-level travel time spent in this place.
 C = Inter-level travel time spent in this place.
 D = Time resting spent in this place.
 E = Time spent auto-exploring this place.
 F = Levels seen in this place.
 G = Mean time per level.
                   A        B        C        D        E       F      G
               +--------+--------+--------+--------+--------+-----+--------+
         Total |   3297 |   3198 |     99 |    392 |   2337 |   4 |  824.2 |
       Dungeon |   3297 |   3198 |     99 |    392 |   2337 |   4 |  824.2 |
               +--------+--------+--------+--------+--------+-----+--------+

Top non-repeatable levels by time:
     D:2: 1140 daAuts
     D:3: 873 daAuts
     D:1: 665 daAuts
     D:4: 616 daAuts
